 Dungeon Crawl Stone Soup version 0.21.1-1-g345015fe64 (webtiles) character file.

23450 Peloso the Carver (level 12, -3/110 HPs)
             Began as a Minotaur Fighter on Apr 8, 2018.
             Was the Champion of Okawaru.
             Slain by a lindwurm (7 damage)
             ... on level 3 of the Lair of Beasts.
             The game lasted 00:40:29 (14635 turns).

Peloso the Carver (Minotaur Fighter)               Turns: 14635, Time: 00:40:30

Health: -3/110     AC: 16    Str: 29    XL:     12   Next: 71%
Magic:  12/12      EV: 10    Int:  5    God:    Okawaru [******]
Gold:   1338       SH: 14    Dex: 16    Spells: 11/11 levels left

rFire    + . .     SeeInvis .   a - +5 scimitar "Ceocirgh" {freeze, rC++ Dex+4}
rCold    + + +     Gourm    .   c - +0 shield
rNeg     . . .     Faith    .   H - +1 plate armour
rPois    .         Spirit   .   (helmet restricted)
rElec    .         Reflect  .   p - scarf {rC+ rF+}
rCorr    .         Harm     .   (no gloves)
MR       .....                  (no boots)
Stlth    ..........             (no amulet)
HPRegen  0.28/turn              C - +3 ring of strength
MPRegen  0.13/turn              I - +2 ring of strength

@: flying
A: retaliatory headbutt, horns 2
a: Heroism, Finesse, Renounce Religion


You were on level 3 of the Lair of Beasts.
You worshipped Okawaru.
Okawaru was exalted by your worship.
You were hungry.

You visited 3 branches of the dungeon, and saw 16 of its levels.
You also visited: Bailey.

You collected 1338 gold pieces.

Inventory:

Hand Weapons
 a - the +5 scimitar "Ceocirgh" (weapon) {freeze, rC++ Dex+4}
   (Okawaru gifted it to you on level 10 of the Dungeon)

   It has been specially enchanted to freeze those struck by it, causing extra
   injury to most foes and up to half again as much damage against particularly
   susceptible opponents.
   It can also slow down cold-blooded creatures.
   It affects your dexterity (+4).
   It greatly protects you from cold.
 t - a +2 rapier of flaming
Armour
 c - a +0 shield (worn)
 p - a scarf of resistance (worn)
 G - a +0 cloak
 H - a +1 plate armour (worn)
Jewellery
 b - an uncursed ring of flight
 s - an uncursed ring of wizardry
 y - a +3 ring of dexterity
 C - a +3 ring of strength (left hand)
 I - a +2 ring of strength (right hand)
Wands
 l - a wand of enslavement (8)
 P - a wand of scattershot (5)
Scrolls
 d - a scroll of random uselessness {unknown}
 g - 2 scrolls of identify
 h - 5 scrolls of teleportation
 i - 4 scrolls of remove curse
 j - 3 scrolls of magic mapping
 k - 2 scrolls of amnesia
 n - 2 scrolls of fear
 q - a scroll of summoning {unknown}
 r - 3 scrolls of enchant armour
Potions
 e - a potion of magic {unknown}
 o - a potion of flight
 v - a potion of might
 w - 4 potions of agility
 x - 7 potions of curing
 J - a potion of resistance
Books
 m - a book of Air

   Spells                             Type                      Level
   a - Shock                          Conjuration/Air              1
   b - Swiftness                      Charms/Air                   2
   c - Static Discharge               Conjuration/Air              3
   d - Airstrike                      Air                          4
   e - Lightning Bolt                 Conjuration/Air              5
 u - a book of Enchantments

   Spells                             Type                      Level
   a - Cause Fear                     Hexes                        4
   b - Yara's Violent Unravelling     Hexes/Transmutation          5
   c - Silence                        Hexes/Air                    5
   d - Deflect Missiles               Charms/Air                   6
   e - Discord                        Hexes                        8
Comestibles
 f - 20 rations


   Skills:
 + Level 11.5 Fighting
 + Level 1.2(9.0) Short Blades
 + Level 14.4 Long Blades
 + Level 11.4 Armour
 + Level 3.5 Dodging
 + Level 1.3 Stealth
 + Level 13.2 Shields
 + Level 0.6 Invocations
 + Level 2.0 Evocations


You had 11 spell levels left.
You didn't know any spells.

Dungeon Overview and Level Annotations

Branches:
Dungeon (12/15)            Temple (1/1) D:4            Lair (3/6) D:11
 Shoals (0/4) Lair:3        Snake (0/4) Lair:2          Orc (0/2) D:11

Altars:
Ashenzari
Cheibriados
Dithmenos
Elyvilon
Fedhas
Gozag
Hepliaklqana
Kikubaaqudgha
Makhleb
Nemelex Xobeh
Okawaru
Qazlal
Ru
Sif Muna
Trog
Uskayaw
Vehumet
Wu Jian
Xom
Yredelemnul
Zin
The Shining One
Beogh

Shops:
D:6 =   D:8 }


Innate Abilities, Weirdness & Mutations

You reflexively headbutt those who attack you in melee.
You have a pair of horns on your head.


Message History

* * * LOW HITPOINT WARNING * * *
The lindwurm breathes flames at you. The blast of flame hits you! You resist.
* * * LOW HITPOINT WARNING * * *
You block the lindwurm's attack. The lindwurm claws you.
* * * LOW HITPOINT WARNING * * *
The lindwurm barely misses you.
Found 20 gold pieces.
You hit the lindwurm. You freeze the lindwurm. You headbutt the lindwurm!
The lindwurm is moderately wounded.
The lindwurm bites you.
* * * LOW HITPOINT WARNING * * *
The lindwurm closely misses you. x2; You block the lindwurm's attack.
The lindwurm claws you.
* * * LOW HITPOINT WARNING * * *
You block the lindwurm's attack. The lindwurm bites you.
* * * LOW HITPOINT WARNING * * *
The lindwurm claws you but does no damage.
The lindwurm claws you!
You die...

...####.....#...........#........
....# #..........................
...####........§..§≈≈§.........#.
...###..........§§≈≈≈≈§≈§....####
...P##........§§§§≈≈≈≈≈§§≈§...###
.............≈§≈§≈§§§≈≈≈§§§...§.#
............≈≈§§≈≈§§§≈§§≈≈§≈.....
...##.......≈≈≈≈≈≈§.§§≈§≈§≈§.....
...###..#..§≈≈≈§@k.##..k§≈≈§≈..#.
#### #.....≈≈≈≈≈kk####§.§≈≈≈§..##
P.# #...§§§≈≈≈..#.?/.#..≈§≈≈...#
..# #....§§≈≈§.##?)[?##.≈≈≈§≈.##
..######..§§≈≈≈.## )>(##.≈≈≈≈§.#
....# #...§§§≈§..#.$%.#..≈≈≈≈..##
....# ###..§≈≈≈≈..####..§≈§§≈.§.#
....#####..≈≈§≈≈...##...§§§§≈....
....#..#....≈≈≈≈≈≈....§§≈§§§.....


You could see 3 lindwurms.

Vanquished Creatures
  Snorg (D:11)
  A fire dragon (D:11)
  2 hydras
  2 two-headed ogres (D:11)
  A queen ant (Lair:2)
  The ghost of htuhola the Bolt Thrower, a novice FoAM of Vehumet (D:7)
  A lindwurm (Lair:3)
  An ugly thing (D:10)
  A centaur zombie (D:11)
  A gargoyle (D:10)
  A torpor snail (Lair:3)
  An eye of devastation (shapeshifter) (D:11)
  The ghost of sour the Cleaver, a novice BaFi of Qazlal (D:5)
  A spiny frog (Lair:3)
  3 trolls (D:11)
  A hornet (D:11)
  Grinder (D:6)
  4 hippogriffs
  Sigmund (D:5)
  13 yaks
  A vampire (D:11)
  A water elemental (D:11)
  A basilisk (Lair:2)
  2 wyverns
  Eustachio (D:4)
  A steam dragon (D:8)
  3 hungry ghosts
  3 wargs (D:11)
  22 soldier ants
  2 nagas (Lair:2)
  3 water moccasins
  A porcupine (Lair:3)
  2 ogres
  3 phantoms
  4 sky beasts
  3 black bears
  An eye of draining (D:11)
  3 ice beasts
  12 orc warriors
  2 centaurs (D:9)
  A necrophage (D:7)
  3 crocodiles
  5 big kobolds
  10 bullfrogs
  A water moccasin skeleton (D:10)
  A scorpion (D:8)
  9 wights
  5 killer bees (D:11)
  2 electric eels (D:11)
  3 howler monkeys
  A crimson imp (D:8)
  2 bullfrog zombies
  4 jellies
  8 orc priests
  Ijyb (D:5)
  4 hounds
  3 bullfrog skeletons
  2 iguanas
  13 orc wizards
  25 worker ants
  2 hound skeletons
  2 gnolls (Bailey)
  A howler monkey skeleton (D:6)
  8 adders
  An adder skeleton (D:10)
  An adder zombie (D:7)
  5 worms
  3 dart slugs
  4 leopard geckos
  44 orcs
  A giant cockroach (D:1)
  11 goblins
  13 hobgoblins
  22 jackals
  40 kobolds
  5 quokkas
  A ball python (D:4)
  A ball python skeleton (D:4)
  13 bats
  9 frilled lizards
  12 rats
412 creatures vanquished.

Notes
Turn   | Place    | Note
-------+----------+-------------------------------------------
     0 | D:1      | Peloso the Minotaur Fighter began the quest for the Orb.
     0 | D:1      | Reached XP level 1. HP: 19/19 MP: 0/0
   146 | D:1      | Reached XP level 2. HP: 27/27 MP: 1/1
   453 | D:1      | Reached XP level 3. HP: 30/33 MP: 2/2
   720 | D:2      | Reached skill level 3 in Long Blades
   798 | D:2      | Reached XP level 4. HP: 34/40 MP: 3/3
  1521 | D:3      | Reached skill level 4 in Long Blades
  1615 | D:3      | Reached XP level 5. HP: 44/46 MP: 4/4
  1678 | D:3      | Reached skill level 1 in Dodging
  1678 | D:3      | Reached skill level 5 in Shields
  1706 | D:3      | Reached skill level 5 in Armour
  1767 | D:3      | Reached XP level 6. HP: 29/53 MP: 5/5
  2188 | D:3      | Reached skill level 5 in Long Blades
  2511 | D:4      | Found a staircase to the Ecumenical Temple.
  2559 | Temple   | Entered the Ecumenical Temple
  2681 | Temple   | Became a worshipper of Warmaster Okawaru
  2800 | D:4      | Noticed Eustachio
  2825 | D:4      | HP: 1/53 [Eustachio/rapier of flaming (4)]
  2836 | D:4      | Killed Eustachio
  3142 | D:4      | Found a shimmering altar of Xom.
  3145 | D:4      | Found a shimmering altar of Xom.
  3146 | D:4      | Found a shimmering altar of Xom.
  3146 | D:4      | Found a shimmering altar of Xom.
  3146 | D:4      | Found a shimmering altar of Xom.
  3150 | D:4      | Found a shimmering altar of Xom.
  3150 | D:4      | Found a shimmering altar of Xom.
  3327 | D:4      | Reached XP level 7. HP: 60/60 MP: 6/6
  3411 | D:4      | Reached * piety under Okawaru
  3754 | D:5      | Entered Level 5 of the Dungeon
  3754 | D:5      | Noticed sour's ghost (novice BaFi)
  3765 | D:5      | Killed sour's ghost
  3765 | D:5      | Reached skill level 5 in Fighting
  3765 | D:5      | Reached skill level 6 in Long Blades
  4186 | D:5      | Reached XP level 8. HP: 68/68 MP: 7/7
  4205 | D:5      | Noticed Sigmund
  4212 | D:5      | Killed Sigmund
  4212 | D:5      | Reached ** piety under Okawaru
  4212 | D:5      | Reached skill level 7 in Long Blades
  4265 | D:5      | Noticed Ijyb
  4278 | D:5      | Killed Ijyb
  4278 | D:5      | Reached skill level 1 in Evocations
  4383 | D:5      | Found a sacrificial altar of Ru.
  4694 | D:6      | Found Giemyuqa's Jewellery Shop.
  5180 | D:6      | Noticed Grinder
  5201 | D:6      | Killed Grinder
  5241 | D:6      | Reached skill level 8 in Long Blades
  5553 | D:7      | Noticed htuhola's ghost (novice FoAM)
  5592 | D:7      | Reached XP level 9. HP: 40/75 MP: 9/9
  5624 | D:7      | Killed htuhola's ghost
  5624 | D:7      | Reached *** piety under Okawaru
  5624 | D:7      | Reached skill level 9 in Long Blades
  5946 | D:7      | Reached skill level 1 in Stealth
  6022 | D:7      | Found a burning altar of Makhleb.
  6022 | D:7      | Found an ornate altar of the Wu Jian Council.
  6022 | D:7      | Found a bloodstained altar of Trog.
  6023 | D:7      | Found a snail-covered altar of Cheibriados.
  6113 | D:7      | Reached **** piety under Okawaru
  6821 | D:8      | Reached skill level 10 in Long Blades
  6890 | D:8      | Found a flagged portal.
  7111 | Bailey   | Entered a bailey
  7215 | Bailey   | Reached XP level 10. HP: 57/86 MP: 7/10
  7400 | Bailey   | Reached skill level 10 in Shields
  7463 | Bailey   | Reached ***** piety under Okawaru
  8427 | D:8      | Found Seadawyu's Gadget Boutique.
  8933 | D:9      | Reached skill level 11 in Long Blades
  9176 | D:9      | Found a glowing golden altar of the Shining One.
  9218 | D:9      | Got an ichor-stained flail
  9219 | D:9      | Identified the +8 flail of Poomon {freeze, rN+ MP+9 Str+4 Dex-2} (You found it on level 9 of the Dungeon)
  9378 | D:10     | Entered Level 10 of the Dungeon
  9452 | D:10     | Noticed a purple ugly thing
  9464 | D:10     | Killed a purple ugly thing
  9464 | D:10     | Received a gift from Okawaru
  9470 | D:10     | Got a transparent scimitar {god gift}
  9471 | D:10     | Identified the +5 scimitar "Ceocirgh" {freeze, rC++ Dex+4} (Okawaru gifted it to you on level 10 of the Dungeon)
  9608 | D:10     | Reached XP level 11. HP: 97/97 MP: 11/11
  9928 | D:10     | Reached skill level 12 in Long Blades
 10417 | D:11     | Found a staircase to the Orcish Mines.
 10437 | D:11     | Noticed Snorg
 10445 | D:11     | Killed Snorg
 10593 | D:11     | Found a staircase to the Lair.
 10593 | D:11     | Noticed a two-headed ogre
 11031 | D:12     | Received a gift from Okawaru
 11035 | D:12     | Got a transparent dagger {god gift}
 11036 | D:12     | Identified the +5 dagger "Ubukiaxt" {speed, MR+} (Okawaru gifted it to you on level 12 of the Dungeon)
 11148 | D:11     | Reached skill level 10 in Armour
 11205 | D:11     | Killed a two-headed ogre
 11205 | D:11     | Reached skill level 13 in Long Blades
 11286 | D:11     | Noticed a two-headed ogre
 11294 | D:11     | Reached skill level 10 in Fighting
 11296 | D:11     | Killed a two-headed ogre
 11403 | D:11     | Found a roughly hewn altar of Beogh.
 11414 | D:11     | Noticed an anaconda
 11414 | D:11     | an anaconda changed into an eye of devastation
 11423 | D:11     | Reached ****** piety under Okawaru
 11516 | D:11     | Noticed a fire dragon
 11742 | D:11     | Killed a fire dragon
 11742 | D:11     | Reached XP level 12. HP: 63/107 MP: 10/12
 12145 | Lair:1   | Entered Level 1 of the Lair of Beasts
 13095 | Lair:2   | Found a staircase to the Snake Pit.
 13110 | Lair:2   | Got a bloodstained ring mail
 13120 | Lair:2   | Found a burning altar of Makhleb.
 13243 | Lair:2   | Received a gift from Okawaru
 13274 | Lair:2   | Identified the +2 ring mail of Liberalism {rF+} (You found it on level 2 of the Lair of Beasts)
 13580 | Lair:2   | Noticed a queen ant
 13605 | Lair:2   | Killed a queen ant
 13605 | Lair:2   | Reached skill level 14 in Long Blades
 13715 | Lair:2   | Noticed an eight-headed hydra
 13726 | Lair:2   | Killed an eight-headed hydra
 14059 | Lair:3   | Noticed a six-headed hydra
 14068 | Lair:3   | Killed a six-headed hydra
 14306 | Lair:3   | Reached skill level 1 in Short Blades
 14366 | Lair:3   | Found a staircase to the Shoals.
 14635 | Lair:3   | HP: 4/110 [lindwurm (4)]
 14635 | Lair:3   | Slain by a lindwurm

Skill      XL: |  1  2  3  4  5  6  7  8  9 10 11 12 |
---------------+-------------------------------------+-----
Armour         | 4 5 6 7 8 9 10 11 | 11.4
Shields        | 4 5 6 8 9 11 12 13 | 13.2
Fighting       | 4 5 6 7 9 10 11 | 11.5
Long Blades    | 3 4 5 6 8 10 11 13 14 | 14.4
Dodging        | 1 2 3 |  3.5
Evocations     | 1 2 |  2.0
Stealth        | 1 |  1.3
Short Blades   | 1 |  1.2
Invocations    | |  0.6

Action                   |  1- 3 |  4- 6 |  7- 9 | 10-12 || total
-------------------------+-------+-------+-------+-------++-------
Melee: Long sword        |    82 |   213 |   355 |   242 ||   892
       Headbutt          |    14 |    40 |    77 |   209 ||   340
       Scimitar          |       |       |       |   415 ||   415
       Rapier            |       |       |       |    19 ||    19
Invok: Heroism           |       |       |     1 |     8 ||     9
 Abil: Evoke Flight      |       |       |     1 |     6 ||     7
Evoke: Wand              |       |       |    12 |       ||    12
  Use: Potion            |     2 |     1 |     2 |     3 ||     8
       Scroll            |       |     1 |    11 |    10 ||    22
  Eat: Chunk             |       |     5 |     8 |    22 ||    35
       Ration            |       |     1 |     1 |     2 ||     4
Armor: Scale mail        |    31 |    60 |       |       ||    91
       Chain mail        |       |    46 |   147 |     3 ||   196
       Plate armour      |       |       |       |   220 ||   220
Dodge: Dodged            |    25 |    61 |    72 |   134 ||   292
Block: Shield            |    51 |   117 |   267 |   433 ||   868
       Rpst.: Long sword |     5 |    15 |    16 |     9 ||    45
       Scimitar          |       |       |       |    19 ||    19
